 Dungeon Crawl Stone Soup version 0.29-a0-841-g116ddc6ace (webtiles) character file.

Game seed: 13772206114360918348

49 mathmaestro the Grave Robber (level 3, -2/26 HPs)
             Began as a Demonspawn Necromancer on July 15, 2022.
             Slain by an orc
             ... wielding a +0 falchion
              (4 damage)
             ... on level 5 of the Dungeon.
             The game lasted 00:05:47 (2460 turns).

mathmaestro the Grave Robber (DsNe)                 Turns: 2460, Time: 00:05:48

Health: -2/26      AC:  5    Str:  8    XL:     3   Next: 53%
Magic:  2/6        EV: 16    Int: 18    God:
Gold:   137        SH:  0    Dex: 13    Spells: 2/6 levels left

rFire   . . .      SeeInvis .   r - +5 dagger (speed)
rCold   + . .      Faith    .   (no shield)
rNeg    . . .      Spirit   .   a - +0 robe
rPois   .          Reflect  .   (no helmet)
rElec   .          Harm     .   n - +0 cloak
rCorr   .          Rampage  +   (no gloves)
Will    .....                   p - +1 pair of boots of the Evening Star {Rampage}
Stlth   ++........              (no amulet)
HPRegen 0.08/turn               l - +4 ring of evasion
MPRegen 0.10/turn               (no ring)

@: no status effects
A: claws 1, hooves 1, cold resistance 1, devolution 1
a: no special abilities


You were on level 5 of the Dungeon.
You visited 1 branch of the dungeon, and saw 4 of its levels.

You collected 137 gold pieces.

Inventory:

Hand Weapons
 o - a +0 dagger of protection
 r - a +5 dagger of speed (weapon)
Armour
 a - a +0 robe (worn)
 n - a +0 cloak (worn)
 p - the +1 pair of boots of the Evening Star (worn) {Rampage}
   (You found it on level 2 of the Dungeon)

   Rampage:   It bestows one free step when moving towards enemies.
Magical Staves
 e - a staff of conjuration
Jewellery
 l - a +4 ring of evasion (left claw)
Scrolls
 k - a scroll of immolation
Potions
 b - a potion of magic
 f - a potion of flight {unknown}
 g - a potion of heal wounds {unknown}
 i - a potion of mutation
 m - a potion of haste {unknown}
 q - a potion of might {unknown}
 s - a potion of degeneration {unknown}


   Skills:
 + Level 1.2 Fighting
 + Level 1.1 Armour
 - Level 2.0 Dodging
 - Level 2.0 Stealth
 + Level 2.4 Spellcasting
 + Level 4.7 Necromancy


You had 2 spell levels left.
You knew the following spells:

 Your Spells              Type           Power      Damage    Failure   Level
a - Necrotise             Necr           76%        1d7       2%          1
b - Vampiric Draining     Necr           19%        2d7       8%          3

Your spell library contained the following spells:

 Spells                   Type           Power      Damage    Failure   Level
 Animate Dead             Necr           19%        N/A       24%         4
 Agony                    Necr           19%        N/A       56%         5
 Malign Gateway           Summ/Tloc      1%         N/A       100%        7
 Summon Horrible Things   Summ           1%         N/A       100%        8


Dungeon Overview and Level Annotations

Branches:
Dungeon (3/15)

Altars:

Shops:
D:2 =


Innate Abilities, Weirdness & Mutations

You have sharp fingernails.
You have large cloven feet.
Your flesh is cold resistant. (rC+)
You have hidden genetic defects.


Message History

Okay, then.
Casting: Necrotise (safe; 2% risk of failure)
Confirm with . or Enter, or press ? or * to list all spells.
The spell is quite dangerous to miscast (8% risk of failure)!
Continue anyway?
Okay, then.
As you read the scroll labelled ZOCZIU EPIGO, it crumbles to dust.
It is a scroll of amnesia.
Really abort (and waste the scroll)?
Okay, then.
The ogre shouts!
The orc closely misses you. The orc closely misses you.
The orc hits you but does no damage. The orc attacks as you move away!
The orc closely misses you. The orc attacks as you move away!
The orc closely misses you. The orc attacks as you move away!
The orc barely misses you. The orc attacks as you move away!
The orc closely misses you. The orc attacks as you move away!
The orc hits you with a +0 war axe.
* * * LOW HITPOINT WARNING * * *
A hound comes into view.
Casting: Vampiric Draining (quite dangerous; 8% risk of failure)
Confirm with . or Enter, or press ? or * to list all spells.
Aiming: Necrotise (safe; 2% risk of failure)
Press: ? - help, Shift-Dir - straight line, f - orc
Aim: an orc, wielding a +0 war axe and wearing a +0 ring mail (chance to affect: 89%)
The orc writhes in agony.
The orc completely misses you.
Casting: Necrotise (safe; 2% risk of failure)
Confirm with . or Enter, or press ? or * to list all spells.
Aiming: Necrotise (safe; 2% risk of failure)
Press: ? - help, Shift-Dir - straight line, f/p - orc
Aim: an orc, wielding a +0 war axe and wearing a +0 ring mail (moderately wounded, chance to affect: 89%)
The orc writhes in agony!
You kill the orc!
The dead are walking!
The orc hits you with a +0 falchion.
* * * LOW HITPOINT WARNING * * *
The hound barely misses your orc skeleton.
The ogre hits your orc skeleton with a +0 giant club!!
Your orc skeleton is destroyed!
The orc attacks as you move away! The orc hits you with a +0 falchion.
You die...

#.. ##.... ##...?.#
##.....#########
###.....##.......##
##......# #........#
#...)..# ##........##
##.....####..........#.
##.....@o.)h.O..........
#........................
..############...........#
# #............#
#........$....
#.............
##...........#
##........### #######


You could see an ogre, a hound and an orc.

Vanquished Creatures
  An adder (D:2)
  A worm (D:2)
  A dart slug (D:2)
  2 orcs (D:5)
  4 ball pythons
  6 endoplasms
  5 goblins
  2 hobgoblins (D:1)
  A quokka (D:1)
  3 bats
  2 kobolds
  2 rats
30 creatures vanquished.

Vanquished Creatures (collateral kills)
  A ball python (D:1)
1 creature vanquished.

Grand Total: 31 creatures vanquished

Notes
Turn   | Place    | Note
-------+----------+-------------------------------------------
     0 | D:1      | mathmaestro the Demonspawn Necromancer began the quest for
                  | the Orb.
     0 | D:1      | Reached XP level 1. HP: 13/13 MP: 3/3
   279 | D:1      | Gained mutation: You have sharp fingernails. [demonic
                  | ancestry]
   279 | D:1      | Reached XP level 2. HP: 4/20 MP: 0/5
  1007 | D:1      | Found a faded altar of an unknown god.
  1007 | D:1      | Noticed a golden eye
  1010 | D:1      | Noticed an eye of devastation
  1010 | D:1      | Noticed a floating eye
  1010 | D:1      | Noticed a shining eye
  1536 | D:2      | Identified the +1 pair of boots of the Evening Star
                  | {Rampage}
  1558 | D:2      | Found Ytaqo's Jewellery Shoppe.
  1632 | D:2      | Reached skill level 1 in Fighting
  1632 | D:2      | Reached skill level 1 in Armour
  1632 | D:2      | Reached XP level 3. HP: 17/26 MP: 0/6
  2086 | D:2      | Learned a level 3 spell: Vampiric Draining
  2413 | D:3      | You fall into a shaft and drop 2 floors!
  2413 | D:5      | Entered Level 5 of the Dungeon
  2435 | D:5      | Gained mutation: You have hidden genetic defects. [potion
                  | of mutation]
  2435 | D:5      | Gained mutation: You have large cloven feet. [potion of
                  | mutation]
  2435 | D:5      | Gained mutation: Your flesh is cold resistant. (rC+)
                  | [potion of mutation]
  2445 | D:5      | Noticed an ogre
  2460 | D:5      | Slain by an orc

Illustrated notes

Levels and vault maps discovered:
D:1:      lemuel_arrival_muddy, layout_loops_ring,
          hellmonk_ecumenical_altar_watching_god
D:2:      layout_basic, serial_shops, shop
D:3:      layout_loops_corners, gammafunk_temple_overflow_claw,
          hangedman_abyss_or_decor_stabs, uniq_robin
D:5:      layout_cave_pods, gammafunk_ghost_cemetery, uniq_blork_the_orc

Skill      XL: |  1  2 |
---------------+-------+-----
Stealth        | 2 |  2.0
Dodging        | 2 |  2.0
Fighting       | 1 |  1.2
Armour         | 1 |  1.1
Spellcasting   | |  2.4
Necromancy     | |  4.7

Action                   || total
-------------------------++-------
Melee: Unarmed           ||     5
       Dagger            ||    11
 Cast: Necrotise         ||    59
  Use: Scroll            ||     5
       Potion            ||     1
 Stab: Sleeping          ||     1
Armor: Robe              ||    10
Dodge: Dodged            ||    31

Table legend: (Time is in decaauts)
 A = Elapsed time spent in this place.
 B = Non-inter-level travel time spent in this place.
 C = Inter-level travel time spent in this place.
 D = Time resting spent in this place.
 E = Time spent auto-exploring this place.
 F = Levels seen in this place.
 G = Mean time per level.
                   A        B        C        D        E       F      G
               +--------+--------+--------+--------+--------+-----+--------+
         Total |   2458 |   2408 |     50 |    552 |   1515 |   4 |  614.5 |
       Dungeon |   2458 |   2408 |     50 |    552 |   1515 |   4 |  614.5 |
               +--------+--------+--------+--------+--------+-----+--------+

Top non-repeatable levels by time:
     D:2: 1178 daAuts
     D:1: 1149 daAuts
     D:3: 83 daAuts
     D:5: 46 daAuts
